 Dungeon Crawl Stone Soup version 0.30-a0-341-g682706514a (webtiles) character file.

Game seed: 12349514279756133124

54 Slifar the Magician (level 3, -2/19 (31) HPs)
             Began as a Draconian Reaver on Nov 3, 2022.
             Killed by nerve-wracking pain
             ... invoked by Jessica
              (10 damage)
             ... on level 2 of the Dungeon.
             The game lasted 00:02:06 (778 turns).

Slifar the Magician (Draconian Reaver)               Turns: 778, Time: 00:02:07

HP:   -2/19 (31)    AC:  5    Str: 14    XL:     3   Next: 66%
MP:   5/7           EV: 12    Int: 15    God:
Gold: 109           SH:  0    Dex:  9    Spells: 7/8 levels left

rFire   . . .      SeeInvis .    a - +0 mace
rCold   . . .      Faith    .    (no shield)
rNeg    . . .      Spirit   .    (body armour unavailable)
rPois   .          Reflect  .    (helmet restricted)
rElec   .          Harm     .    (no cloak)
rCorr   .          Rampage  .    (no gloves)
Will    .....                    (no boots)
Stlth   +.........               (no amulet)
HPRegen 0.23/turn                (no ring)
MPRegen 0.10/turn                (no ring)

@: very slightly contaminated, very heavily drained
A: AC +5, unfitting armour, cold-blooded
a: no special abilities


You were on level 2 of the Dungeon.
You visited 1 branch of the dungeon, and saw 2 of its levels.

You collected 109 gold pieces.

Inventory:

Hand Weapons
 a - a +0 mace (weapon)
Magical Staves
 f - a staff of earth
Scrolls
 g - 2 scrolls of identify
Potions
 b - a potion of might {unknown}
 c - a potion of cancellation {unknown}
 d - 2 potions of flight
 e - a potion of curing {unknown}
 i - a potion of attraction {unknown}


   Skills:
 + Level 3.1 Fighting
 - Level 3.0 Maces & Flails
 - Level 1.7 Dodging
 * Level 3.3 Spellcasting
 - Level 3.0 Conjurations


You had 7 spell levels left.
You knew the following spells:

 Your Spells              Type           Power      Damage    Failure   Level
a - Kiss of Death         Conj/Necr      24%        2d7       11%         1

Your spell library contained the following spells:

 Spells                   Type           Power      Damage    Failure   Level
 Momentum Strike          Conj/Tloc      12%        3d8       16%         2
 Hailstorm                Conj/Ice       6%         3d4       32%         3


Dungeon Overview and Level Annotations

Branches:
Dungeon (2/15)

Altars:

Annotations:
D:1 1 transporter
D:2 Jessica


Innate Abilities, Weirdness & Mutations

Your plain brown scales are hard. (AC +5)
You cannot fit into any form of body armour.
You are cold-blooded and may be slowed by cold attacks.


Message History

You open the door.
There is an open door here.
Jessica the Apprentice Sorceress comes into view.
She is wielding a +0 dagger.
Found 3 stones.
Jessica shouts!
Jessica is nearby!
Jessica shouts, "You're disturbing me!
I'll have to kill you!"
You can't see any susceptible monsters within range! (Use Z to cast anyway.) Jessica looks very angry.
Jessica misses you.
You barely miss Jessica.
Jessica looks very angry.
Jessica gestures wildly while chanting.
Jessica blinks!
Jessica barely misses you.
You hit Jessica but do no damage. Jessica barely misses you.
You closely miss Jessica.
Jessica points at you and mumbles some strange words.
Pain shoots through your body!
Ouch! That really hurt!
You are too injured to fight recklessly!
You are too injured to fight recklessly!
Casting: Kiss of Death (safe; 11% risk of failure)
Confirm with . or Enter, or press ? or * to list all spells.
Aiming: Kiss of Death (safe; 11% risk of failure)
Press: ? - help, Shift-Dir - straight line, f - Jessica
Aim: Jessica, wielding a +0 dagger and wearing a +0 robe (100% to hit)
You miscast Kiss of Death.
You are very lightly contaminated with residual magic.
Nothing appears to happen.
Jessica hits you but does no damage.
Casting: Kiss of Death (safe; 11% risk of failure)
Confirm with . or Enter, or press ? or * to list all spells.
Aiming: Kiss of Death (safe; 11% risk of failure)
Press: ? - help, Shift-Dir - straight line, f/p - Jessica
Aim: Jessica, wielding a +0 dagger and wearing a +0 robe (100% to hit)
You miscast Kiss of Death.
Nothing appears to happen.
Jessica gestures at you while chanting. Pain shoots through your body!
Ouch! That really hurt!
You die...

#.#+############
#..............#
#..............#
#..............# ####
#..(....@......######....
#.......@###..###........
#........###..###........
................'........
..............###........
..........##..# #........
..........##..# #........
...#....#.#...###........
..........+....##..(.....
...####.###....#####.....


You could see Jessica.

Vanquished Creatures
  2 adders (D:2)
  2 dart slugs
  3 bats (D:1)
  4 endoplasms
  4 hobgoblins
  2 kobolds
  2 quokkas
  2 ball pythons
  A frilled lizard (D:1)
  4 goblins
  6 rats (D:1)
32 creatures vanquished.

Notes
Turn   | Place    | Note
-------+----------+-------------------------------------------
     0 | D:1      | Slifar the Draconian Reaver began the quest for the Orb.
     0 | D:1      | Reached XP level 1. HP: 17/17 MP: 3/3
   130 | D:1      | Reached XP level 2. HP: 22/23 MP: 5/5
   598 | D:2      | Reached XP level 3. HP: 24/26 MP: 4/7
   768 | D:2      | Noticed Jessica
   778 | D:2      | Killed from afar by Jessica

Illustrated notes

Levels and vault maps discovered:
D:1:      spicycebolla_arrival_risky_transporter, layout_rooms
D:2:      layout_basic, uniq_jessica

Skill      XL: |  1  2  3 |
---------------+----------+-----
Spellcasting   | 3 |  3.3
Fighting       | 3 |  3.1
Maces & Flails | |  3.0
Dodging        | |  1.7
Conjurations   | |  3.0

Action                   || total
-------------------------++-------
Melee: Mace              ||    82
       Tailslap          ||     7
       Punch             ||     1
 Cast: Kiss of Death     ||     5
  Use: Scroll            ||     4
Armor: Skin              ||    35
Dodge: Dodged            ||    70

Table legend: (Time is in decaauts)
 A = Elapsed time spent in this place.
 B = Non-inter-level travel time spent in this place.
 C = Inter-level travel time spent in this place.
 D = Time resting spent in this place.
 E = Time spent auto-exploring this place.
 F = Levels seen in this place.
 G = Mean time per level.
                   A        B        C        D        E       F      G
               +--------+--------+--------+--------+--------+-----+--------+
         Total |    801 |    773 |     28 |     39 |    523 |   2 |  400.5 |
       Dungeon |    801 |    773 |     28 |     39 |    523 |   2 |  400.5 |
               +--------+--------+--------+--------+--------+-----+--------+

Top non-repeatable levels by time:
     D:1: 555 daAuts
     D:2: 245 daAuts
